General information
- name: BNet
- type: Ladder team game (AT/RT)
- host: Battle.net
- saver: CUZIDONTGIVAFUK
map: Battleground_LV
- players: 8
- length: 33:04
- speed: Fast
- version: 1.29 W3XP
- replay type: Public
» download(322 KB)
Players
team 1 (winner)
ThugMaSteR (
pink | 53 APM | 1360 actions | 25:40)
5 Death Knight
3 Death Coil
2 Unholy Aura
3 Lich
2 Frost Nova
1 Frost Armor
1 Crypt Lord
1 Impale
» actions
| Assign group hotkey | 44 | |
| Build / train | 46 | |
| Enter build submenu | 19 | |
| Enter hero's abilities submenu | 9 | |
| Give item / drop item | 1 | |
| Right click | 696 | |
| Select / deselect | 314 | |
| Select group hotkey | 171 | |
| Use ability | 60 | |
1360 total
» units
| Acolyte | 2 | |
| Ghoul | 3 | |
| Crypt Fiend | 9 | |
| Frost Wyrm | 4 | |
18 total
» upgrades
| Creature Attack | 2 | |
| Creature Carapace | 2 | |
| Web | 1 | |
| Freezing Breath | 1 | |
6 total
» buildings
| Crypt | 1 | |
| Graveyard | 1 | |
| Ziggurat | 8 | |
| Altar of Darkness | 2 | |
| Tomb of Relics | 1 | |
| Nerubian Tower | 1 | |
| Halls of the Dead | 1 | |
| Black Citadel | 1 | |
| Sacrificial Pit | 1 | |
| Boneyard | 2 | |
| Necropolis | 1 | |
| Spirit Tower | 3 | |
23 total
» build order
00:14 Crypt
00:19 Graveyard
00:50 Ziggurat
01:36 Altar of Darkness
01:51 Ziggurat
02:48 Tomb of Relics
03:38 Nerubian Tower
03:47 Ziggurat
03:55 Ziggurat
04:51 Halls of the Dead
06:31 Ziggurat
06:58 Ziggurat
08:22 Black Citadel
08:24 Sacrificial Pit
10:06 Ziggurat
11:27 Boneyard
11:31 Boneyard
17:13 Necropolis
17:20 Altar of Darkness
17:22 Spirit Tower
17:23 Spirit Tower
17:33 Ziggurat
18:28 Spirit Tower
» items
| Rod of Necromancy | 2 | |
| Potion of Healing | 1 | |
| Orb of Corruption | 1 | |
4 total
watwatinthebutt (
red | 149 APM | 3830 actions | 25:40)
4 Paladin
2 Holy Light
2 Divine Shield
3 Archmage
2 Blizzard
1 Brilliance Aura
5 Blademaster
3 Critical Strike
2 Wind Walk
» actions
| Assign group hotkey | 406 | |
| Basic commands | 215 | |
| Build / train | 137 | |
| ESC pressed | 3 | |
| Enter build submenu | 55 | |
| Enter hero's abilities submenu | 12 | |
| Give item / drop item | 1 | |
| Right click | 1472 | |
| Select / deselect | 594 | |
| Select group hotkey | 734 | |
| Use ability | 201 | |
3830 total
» units
| Peasant | 17 | |
| Footman | 5 | |
| Peon | 18 | |
| Wind Rider | 1 | |
| Kodo Beast | 2 | |
| Forest Troll Shadow Priest | 1 | |
| Sorceress | 10 | |
| Mud Golem | 2 | |
| Forest Troll Berserker | 2 | |
| Troll Batrider | 20 | |
| Priest | 3 | |
81 total
» upgrades
| Defend | 1 | |
| Sorceress Training | 1 | |
| Magic Sentry | 1 | |
| Reinforced Defenses | 1 | |
| War Drums Damage Increase | 1 | |
| Priest Training | 1 | |
| Liquid Fire | 1 | |
| Ranged Weapons | 2 | |
| Masonry | 1 | |
10 total
» buildings
| Altar of Kings | 1 | |
| Farm | 10 | |
| Barracks | 2 | |
| Keep | 1 | |
| Scout Tower | 4 | |
| Arcane Tower | 1 | |
| Lumber Mill | 3 | |
| Beastiary | 5 | |
| Orc Burrow | 12 | |
| War Mill | 1 | |
| Arcane Sanctum | 2 | |
| Fortress | 2 | |
| Watch Tower | 4 | |
| Town Hall | 1 | |
| Guard Tower | 1 | |
| Blacksmith | 1 | |
51 total
» build order
00:14 Altar of Kings
00:19 Farm
00:56 Barracks
01:09 Farm
01:29 Farm
02:04 Farm
02:25 Barracks
02:42 Farm
02:49 Farm
04:09 Keep
04:11 Scout Tower
04:12 Scout Tower
04:13 Farm
04:43 Arcane Tower
04:47 Lumber Mill
05:29 Beastiary
05:56 Beastiary
05:58 Orc Burrow
06:00 Orc Burrow
06:15 Orc Burrow
06:18 Orc Burrow
06:50 War Mill
06:54 Orc Burrow
08:18 Arcane Sanctum
08:28 Fortress
08:28 Fortress
08:41 Orc Burrow
10:15 Arcane Sanctum
11:29 Farm
11:31 Farm
11:32 Farm
12:01 Orc Burrow
12:06 Orc Burrow
13:00 Watch Tower
13:01 Watch Tower
13:01 Watch Tower
13:06 Watch Tower
13:20 Orc Burrow
13:21 Orc Burrow
15:37 Orc Burrow
15:37 Orc Burrow
16:41 Lumber Mill
16:45 Lumber Mill
17:32 Scout Tower
17:33 Scout Tower
17:51 Town Hall
19:33 Guard Tower
19:46 Blacksmith
23:08 Beastiary
23:09 Beastiary
23:12 Beastiary
» items
| Scroll of Speed | 2 | |
| Scroll of Town Portal | 2 | |
| Lesser Clarity Potion | 4 | |
| Boots of Speed | 1 | |
| Orb of Corruption | 2 | |
| Orb of Fire | 2 | |
13 total
CUZIDONTGIVAFUK (
blue | 83 APM | 2730 actions | 33:04)
6 Archmage
3 Summon Water Elemental
2 Brilliance Aura
1 Mass Teleport
3 Mountain King
2 Storm Bolt
1 Bash
» actions
| Assign group hotkey | 85 | |
| Basic commands | 36 | |
| Build / train | 160 | |
| ESC pressed | 1 | |
| Enter build submenu | 55 | |
| Enter hero's abilities submenu | 9 | |
| Give item / drop item | 8 | |
| Right click | 904 | |
| Select / deselect | 514 | |
| Select group hotkey | 754 | |
| Use ability | 204 | |
2730 total
» units
| Peasant | 19 | |
| Footman | 5 | |
| Rifleman | 7 | |
| Priest | 2 | |
| Gryphon Rider | 4 | |
37 total
» upgrades
| Gunpowder | 3 | |
| Long Rifles | 1 | |
| Masonry | 3 | |
| Armor | 3 | |
| Priest Training | 2 | |
| Lumber Harvesting | 2 | |
| Sorceress Training | 2 | |
| Storm Hammers | 1 | |
| Cloud | 1 | |
| Swords | 4 | |
| Animal War Training | 1 | |
| Plating | 3 | |
| Control Magic | 1 | |
| Magic Sentry | 1 | |
28 total
» buildings
| Altar of Kings | 2 | |
| Barracks | 1 | |
| Farm | 10 | |
| Arcane Vault | 1 | |
| Lumber Mill | 1 | |
| Blacksmith | 1 | |
| Town Hall | 3 | |
| Scout Tower | 30 | |
| Keep | 2 | |
| Arcane Tower | 5 | |
| Guard Tower | 36 | |
| Castle | 2 | |
| Gryphon Aviary | 3 | |
| Arcane Sanctum | 2 | |
99 total
» build order
00:53 Altar of Kings
00:55 Altar of Kings
00:57 Barracks
00:59 Farm
01:05 Farm
01:41 Farm
02:04 Arcane Vault
02:36 Lumber Mill
02:38 Blacksmith
03:52 Town Hall
04:17 Farm
04:36 Scout Tower
04:43 Keep
04:43 Keep
04:49 Scout Tower
04:51 Scout Tower
05:10 Arcane Tower
05:10 Arcane Tower
05:22 Arcane Tower
05:28 Guard Tower
05:40 Scout Tower
06:09 Arcane Tower
06:09 Arcane Tower
06:27 Scout Tower
06:30 Scout Tower
06:56 Guard Tower
06:56 Guard Tower
07:01 Scout Tower
08:55 Castle
08:55 Castle
09:13 Scout Tower
09:14 Scout Tower
09:18 Farm
09:46 Guard Tower
09:46 Guard Tower
09:52 Guard Tower
09:52 Guard Tower
10:52 Gryphon Aviary
10:53 Gryphon Aviary
11:12 Scout Tower
11:23 Guard Tower
11:23 Guard Tower
11:33 Scout Tower
11:37 Scout Tower
11:45 Guard Tower
11:46 Guard Tower
11:58 Arcane Sanctum
11:59 Arcane Sanctum
12:04 Guard Tower
12:04 Guard Tower
12:04 Guard Tower
12:23 Farm
12:25 Farm
12:27 Farm
12:29 Guard Tower
12:29 Guard Tower
12:30 Scout Tower
12:31 Scout Tower
12:33 Scout Tower
12:36 Scout Tower
13:07 Guard Tower
14:18 Guard Tower
16:28 Farm
16:30 Farm
17:01 Town Hall
17:06 Scout Tower
17:07 Scout Tower
17:08 Scout Tower
18:45 Guard Tower
18:45 Guard Tower
19:19 Gryphon Aviary
22:08 Scout Tower
23:22 Guard Tower
23:22 Guard Tower
23:27 Scout Tower
23:29 Scout Tower
23:31 Scout Tower
23:37 Scout Tower
24:28 Guard Tower
24:29 Guard Tower
25:29 Scout Tower
25:32 Scout Tower
25:57 Guard Tower
25:58 Guard Tower
26:03 Guard Tower
26:03 Guard Tower
26:20 Scout Tower
26:21 Scout Tower
26:22 Scout Tower
26:23 Scout Tower
27:31 Guard Tower
27:31 Guard Tower
27:42 Guard Tower
28:22 Guard Tower
28:22 Guard Tower
28:31 Guard Tower
28:31 Guard Tower
28:31 Guard Tower
32:04 Town Hall
» items
| Scroll of Regeneration | 5 | |
| Mechanical Critter | 4 | |
| Boots of Speed | 1 | |
| Periapt of Vitality | 3 | |
| Staff of Teleportation | 3 | |
| Potion of Lesser Invulnerability | 3 | |
| Scroll of Town Portal | 1 | |
| Orb of Fire | 1 | |
| Lesser Clarity Potion | 1 | |
| Scroll of Protection | 1 | |
| Staff of Sanctuary | 1 | |
| Dust of Appearance | 1 | |
25 total
WodLim (
purple | 136 APM | 585 actions | 04:17)
1 Blademaster
1 Wind Walk
» actions
| Assign group hotkey | 9 | |
| Basic commands | 1 | |
| Build / train | 16 | |
| ESC pressed | 1 | |
| Enter build submenu | 4 | |
| Enter hero's abilities submenu | 1 | |
| Give item / drop item | 1 | |
| Right click | 253 | |
| Select / deselect | 78 | |
| Select group hotkey | 210 | |
| Use ability | 11 | |
585 total
» units
» buildings
| Altar of Storms | 1 | |
| Orc Burrow | 1 | |
| Barracks | 1 | |
| Voodoo Lounge | 1 | |
| Stronghold | 2 | |
6 total
» build order
00:02 Altar of Storms
00:12 Orc Burrow
00:35 Barracks
01:03 Voodoo Lounge
02:17 Stronghold
02:17 Stronghold
» items
| Healing Salve | 2 | |
| Lesser Clarity Potion | 1 | |
3 total
team 2 (loser)
cuzziereid (
teal | 90 APM | 1334 actions | 14:49)
3 Blademaster
2 Wind Walk
1 Critical Strike
» actions
| Assign group hotkey | 23 | |
| Basic commands | 29 | |
| Build / train | 46 | |
| ESC pressed | 2 | |
| Enter build submenu | 12 | |
| Enter hero's abilities submenu | 3 | |
| Right click | 589 | |
| Select / deselect | 100 | |
| Select group hotkey | 478 | |
| Use ability | 52 | |
1334 total
» units
| Peon | 10 | |
| Wind Rider | 11 | |
| Raider | 3 | |
24 total
» upgrades
| Ranged Weapons | 3 | |
| Envenomed Spears | 1 | |
| Melee Weapons | 1 | |
5 total
» buildings
| Altar of Storms | 1 | |
| Orc Burrow | 4 | |
| Barracks | 1 | |
| Stronghold | 2 | |
| War Mill | 1 | |
| Fortress | 1 | |
| Beastiary | 2 | |
| Voodoo Lounge | 1 | |
13 total
» build order
00:07 Altar of Storms
00:10 Orc Burrow
00:39 Barracks
01:46 Orc Burrow
02:38 Stronghold
02:38 Stronghold
02:51 War Mill
03:26 Orc Burrow
05:01 Fortress
05:06 Beastiary
05:07 Beastiary
06:21 Voodoo Lounge
06:33 Orc Burrow
» items
| Lesser Clarity Potion | 3 | |
| Boots of Speed | 1 | |
| Staff of Teleportation | 1 | |
| Healing Salve | 2 | |
| Orb of Lightning | 1 | |
| Scroll of Town Portal | 1 | |
9 total
Dharma (
yellow | 55 APM | 1706 actions | 31:16)
6 Blademaster
3 Wind Walk
3 Critical Strike
1 Shadow Hunter
1 Hex
» actions
| Basic commands | 91 | |
| Build / train | 72 | |
| ESC pressed | 3 | |
| Enter build submenu | 21 | |
| Enter hero's abilities submenu | 7 | |
| Give item / drop item | 6 | |
| Right click | 1025 | |
| Select / deselect | 349 | |
| Use ability | 132 | |
1706 total
» units
» upgrades
» buildings
| Altar of Storms | 1 | |
| Orc Burrow | 7 | |
| Voodoo Lounge | 1 | |
| War Mill | 1 | |
| Stronghold | 1 | |
| Watch Tower | 5 | |
| Beastiary | 2 | |
| Great Hall | 1 | |
19 total
» build order
00:09 Altar of Storms
00:16 Orc Burrow
00:51 Voodoo Lounge
01:08 War Mill
02:50 Stronghold
03:11 Watch Tower
03:15 Orc Burrow
03:31 Watch Tower
03:44 Watch Tower
03:47 Orc Burrow
04:52 Orc Burrow
05:15 Beastiary
05:16 Beastiary
07:11 Orc Burrow
11:48 Great Hall
16:54 Orc Burrow
16:55 Watch Tower
16:56 Watch Tower
21:15 Orc Burrow
» items
| Healing Salve | 5 | |
| Lesser Clarity Potion | 6 | |
| Circlet of Nobility | 1 | |
| Dust of Appearance | 2 | |
| Potion of Healing | 5 | |
| Scroll of Town Portal | 2 | |
| Scroll of Speed | 1 | |
| Potion of Mana | 3 | |
| Orb of Lightning | 1 | |
| Potion of Lesser Invulnerability | 1 | |
| Boots of Speed | 1 | |
28 total
TheSundanceKid (
green | 62 APM | 2011 actions | 32:32)
7 Blademaster
3 Wind Walk
3 Critical Strike
1 Bladestorm
» actions
| Assign group hotkey | 27 | |
| Basic commands | 99 | |
| Build / train | 63 | |
| Enter build submenu | 39 | |
| Enter hero's abilities submenu | 7 | |
| Give item / drop item | 9 | |
| Right click | 948 | |
| Select / deselect | 307 | |
| Select group hotkey | 365 | |
| Use ability | 147 | |
2011 total
» units
» upgrades
| Pillage | 1 | |
| Melee Weapons | 3 | |
| Reinforced Defenses | 1 | |
| Ensnare | 1 | |
| Armor | 3 | |
9 total
» buildings
| Orc Burrow | 3 | |
| Altar of Storms | 1 | |
| Barracks | 1 | |
| Voodoo Lounge | 1 | |
| Stronghold | 1 | |
| War Mill | 2 | |
| Great Hall | 1 | |
| Watch Tower | 22 | |
| Fortress | 1 | |
| Beastiary | 4 | |
| Spirit Lodge | 2 | |
39 total
» build order
00:12 Orc Burrow
00:57 Orc Burrow
01:02 Altar of Storms
01:06 Barracks
01:59 Voodoo Lounge
02:52 Stronghold
03:54 War Mill
04:26 Orc Burrow
06:10 Great Hall
06:27 Watch Tower
06:27 Watch Tower
06:28 Watch Tower
06:28 Watch Tower
06:33 Watch Tower
06:33 Watch Tower
06:34 Watch Tower
06:34 Watch Tower
07:29 Fortress
07:33 Watch Tower
07:36 Watch Tower
07:38 Watch Tower
07:41 Watch Tower
08:23 Beastiary
08:23 Beastiary
08:25 Beastiary
09:11 Beastiary
11:28 Watch Tower
11:28 Watch Tower
11:30 Watch Tower
11:30 Watch Tower
11:32 Watch Tower
11:33 Watch Tower
11:38 War Mill
17:50 Spirit Lodge
17:52 Spirit Lodge
19:12 Watch Tower
19:13 Watch Tower
19:13 Watch Tower
19:14 Watch Tower
» items
| Healing Salve | 5 | |
| Boots of Speed | 1 | |
| Potion of Mana | 5 | |
| Lesser Clarity Potion | 4 | |
| Orb of Lightning | 1 | |
| Circlet of Nobility | 1 | |
| Scroll of Town Portal | 2 | |
| Scroll of Protection | 1 | |
20 total
GORGEOUSKID (
orange | 66 APM | 2139 actions | 32:29)
4 Blademaster
2 Wind Walk
2 Critical Strike
4 Shadow Hunter
2 Hex
2 Healing Wave
» actions
| Assign group hotkey | 30 | |
| Basic commands | 78 | |
| Build / train | 67 | |
| Enter build submenu | 29 | |
| Enter hero's abilities submenu | 8 | |
| Give item / drop item | 3 | |
| Remove unit from queue | 1 | |
| Right click | 951 | |
| Select / deselect | 246 | |
| Select group hotkey | 539 | |
| Use ability | 187 | |
2139 total
» units
» upgrades
| Reinforced Defenses | 1 | |
| Ranged Weapons | 2 | |
| Armor | 2 | |
| Envenomed Spears | 1 | |
| Liquid Fire | 1 | |
7 total
» buildings
| Altar of Storms | 1 | |
| Orc Burrow | 6 | |
| War Mill | 1 | |
| Voodoo Lounge | 1 | |
| Watch Tower | 22 | |
| Stronghold | 2 | |
| Beastiary | 3 | |
| Fortress | 1 | |
| Great Hall | 2 | |
39 total
» build order
00:06 Altar of Storms
00:16 Orc Burrow
00:40 War Mill
01:05 Voodoo Lounge
01:56 Watch Tower
02:06 Watch Tower
02:56 Stronghold
02:56 Stronghold
03:12 Watch Tower
03:33 Watch Tower
03:59 Orc Burrow
04:15 Orc Burrow
05:28 Beastiary
05:32 Beastiary
06:15 Fortress
07:35 Watch Tower
07:36 Watch Tower
07:36 Watch Tower
07:37 Watch Tower
07:55 Great Hall
08:00 Great Hall
08:06 Watch Tower
08:06 Watch Tower
08:07 Watch Tower
08:45 Orc Burrow
09:40 Watch Tower
09:41 Watch Tower
09:55 Watch Tower
09:59 Watch Tower
10:26 Watch Tower
11:46 Orc Burrow
12:50 Watch Tower
12:51 Watch Tower
12:52 Watch Tower
12:53 Watch Tower
14:23 Watch Tower
14:32 Watch Tower
15:20 Orc Burrow
17:33 Beastiary
» items
| Healing Salve | 2 | |
| Lesser Clarity Potion | 3 | |
| Staff of Teleportation | 1 | |
| Potion of Mana | 2 | |
| Orb of Lightning | 1 | |
| Scroll of Town Portal | 3 | |
| Scroll of Healing | 1 | |
| Potion of Lesser Invulnerability | 2 | |
15 total
Chat log
(00:11 / All) watwatinthebutt: haha, blademaster has been nerfed, fuck u all AHHAHAAHHAHAHAHA
(00:23 / All) CUZIDONTGIVAFUK: blademaster change is retarded
(00:30 / All) cuzziereid: what is it? just crit stuff?
(00:36 / All) TheSundanceKid: LEAEV TOJARA ALONE
(00:37 / All) CUZIDONTGIVAFUK: items don't stack with it anymore
(00:45 / All) CUZIDONTGIVAFUK: no one but noobs had issue with bm
(00:46 / All) ThugMaSteR: crit and mirror
(00:49 / All) watwatinthebutt: items dont stack, all custom heroes are as fast,
(00:58 / All) GORGEOUSKID: do they have a new maphack out already, eh thugmaster?
(01:11 / All) ThugMaSteR: i was asking around
(01:14 / All) ThugMaSteR: not sure
(01:14 / All) watwatinthebutt: already? it's only been 2 hours.
(01:18 / All) CUZIDONTGIVAFUK: Mirror image buffed to cost 35 less mana lol
(01:22 / All) CUZIDONTGIVAFUK: totally makes it useful
(01:29 / All) cuzziereid: should make it do like 15 percent damage
(01:32 / All) cuzziereid: so its worthy
(01:45 / All) watwatinthebutt: the blademaster should move as slow as teh paladain
(01:50 / All) cuzziereid: lol
(01:51 / All) CUZIDONTGIVAFUK: Wonder what retarded intern thought that mana buff would be a good idea
(01:54 / All) CUZIDONTGIVAFUK: might as well not bother
(02:00 / All) watwatinthebutt: a far seer lover.
(02:04 / All) cuzziereid: they have a team dedicated to old blizzard games
(02:08 / All) ThugMaSteR: those that hack wont say if thier mh works
(02:15 / All) ThugMaSteR: i want to solo
(02:17 / All) watwatinthebutt: matt morris, grubby, and a guy called kam, all sitting in one room
(02:18 / All) CUZIDONTGIVAFUK: it's probably people who got fired from teams for their newer games
(02:19 / All) ThugMaSteR: if mh is down
(02:20 / All) CUZIDONTGIVAFUK: for the most part
(02:23 / All) CUZIDONTGIVAFUK: since they seem useless
(02:30 / All) CUZIDONTGIVAFUK: obviously not the team it was years ago
(03:18 / All) TheSundanceKid: hmm no tome for greenie
(03:45 / Allies) WodLim: cmonnn
(04:26 / All) GORGEOUSKID: lawl
(04:43 / All) Dharma: bm not good anymore?
(04:55 / All) CUZIDONTGIVAFUK: don't think anyone said that
(05:03 / All) watwatinthebutt: yes he's not
(05:06 / All) watwatinthebutt: see how fast he fell?
(05:20 / All) GORGEOUSKID: how do i tell which gold mine is my natural
(05:31 / All) CUZIDONTGIVAFUK: how did you on deadlock
(05:32 / All) CUZIDONTGIVAFUK: same way
(05:33 / All) cuzziereid: u can have mine
(05:41 / All) GORGEOUSKID: i could never tell on deadlock lawl
(05:47 / All) GORGEOUSKID: expo between me and teal is most imba
(05:49 / All) GORGEOUSKID: easy to tower
(07:12 / All) watwatinthebutt: holy shit, gold mines instead of shops, me likey!
(07:25 / All) CUZIDONTGIVAFUK: yeah great now it's a generic 1 expo natural map
(07:32 / All) CUZIDONTGIVAFUK: rather than being unique from the rest
(07:40 / All) cuzziereid: agreed
(11:33 / All) Dharma: leave nob
(11:35 / All) Dharma: noob
(11:44 / All) CUZIDONTGIVAFUK: I will after I get the VICTORY! screen
(13:15 / All) GORGEOUSKID: thug hacks
(13:26 / All) watwatinthebutt: already?
(13:30 / All) watwatinthebutt: the patch is only 2 hours old
(13:39 / All) ThugMaSteR: yup
(13:40 / All) GORGEOUSKID: well he already admitted to me he mhe'd before
(13:40 / All) ThugMaSteR: mhers
(13:43 / All) CUZIDONTGIVAFUK: he used to all the time
(13:46 / All) ThugMaSteR: fuckn unreal
(13:50 / All) ThugMaSteR: u pussies
(14:07 / All) ThugMaSteR: all 3 of u mh
(14:10 / Allies) CUZIDONTGIVAFUK: ty
(14:11 / All) cuzziereid: tru
(14:14 / All) ThugMaSteR: fuckn joke
(14:43 / All) ThugMaSteR: oj hiding in his expo
(15:05 / All) ThugMaSteR: fuckn trash oj
(15:08 / All) ThugMaSteR: blatant mh
(15:19 / All) ThugMaSteR: gtfo
(15:21 / All) ThugMaSteR: noob
(15:28 / All) CUZIDONTGIVAFUK: ez
(15:29 / All) CUZIDONTGIVAFUK: out
(16:32 / All) GORGEOUSKID: hacker down
(18:35 / All) CUZIDONTGIVAFUK: raped
(18:37 / All) CUZIDONTGIVAFUK: yellow
(18:47 / All) CUZIDONTGIVAFUK: easy orc
(18:56 / All) Dharma: orange sucks
(19:00 / All) CUZIDONTGIVAFUK: leave noob
(19:02 / All) Dharma: so does green
(19:04 / All) GORGEOUSKID: lol
(19:04 / All) CUZIDONTGIVAFUK: make more excuses for yourself
(19:06 / All) GORGEOUSKID: pink hacks
(19:07 / All) CUZIDONTGIVAFUK: you suck
(19:31 / All) ThugMaSteR: fuckn hackers
(20:01 / All) GORGEOUSKID: reds expo dead
(20:12 / All) CUZIDONTGIVAFUK: "saving replay this def going up"
(20:13 / All) CUZIDONTGIVAFUK: pink says
(20:25 / All) GORGEOUSKID: yellow wants our wood
(20:29 / All) CUZIDONTGIVAFUK: he'll especially be thrilled by the end of this game
(20:34 / All) GORGEOUSKID: after just calling us nubs
(20:40 / All) ThugMaSteR: they banning for mh
(20:42 / All) ThugMaSteR: im good
(20:48 / All) ThugMaSteR: cant speak for u cunts
(20:58 / All) CUZIDONTGIVAFUK: ?
(21:01 / All) CUZIDONTGIVAFUK: who do you think is mhing this game
(21:06 / All) ThugMaSteR: oj def
(21:12 / All) CUZIDONTGIVAFUK: lol
(21:16 / All) ThugMaSteR: he was wating in expo for my army
(21:25 / All) GORGEOUSKID: thugmaster is nub hacker
(21:32 / All) CUZIDONTGIVAFUK: mher calling others mhers
(21:33 / All) ThugMaSteR: so balatant dude
(21:49 / All) ThugMaSteR: i dont hack asshole
(21:55 / All) GORGEOUSKID: u admitted it to be me before
(21:56 / All) CUZIDONTGIVAFUK: you've admitted to mhing before
(21:57 / All) ThugMaSteR: ill up load my replay
(22:00 / All) ThugMaSteR: u cant watch
(22:05 / All) ThugMaSteR: my minmap is clean
(22:08 / All) ThugMaSteR: not like u
(22:21 / All) CUZIDONTGIVAFUK: because the new patch just came out so the $50 mh you bought probably isn't updated yet
(22:31 / All) CUZIDONTGIVAFUK: paying 50 bux for mh LOL
(22:54 / All) GORGEOUSKID: out red
(22:55 / All) GORGEOUSKID: nub hacker
(23:02 / All) watwatinthebutt: BLEUH AS FOUR THOUSAND GOLD
(23:07 / All) GORGEOUSKID: we didnt even need shitty yellow on our team
(23:08 / All) CUZIDONTGIVAFUK: Jealous?
(23:11 / All) GORGEOUSKID: me and green 2v4
(23:18 / All) TheSundanceKid: superl ag
(24:10 / All) GORGEOUSKID: green has 14k gold
(24:14 / All) GORGEOUSKID: me only 6k
(24:37 / All) TheSundanceKid: Anyoen else laggY?
(24:41 / All) CUZIDONTGIVAFUK: I'm not
(24:52 / All) TheSundanceKid: thought I might drop lwal
(24:56 / All) watwatinthebutt: reporting blue foer gold hoarding
(25:04 / All) watwatinthebutt: they're taking this sderiously with complicated algorithms
(25:04 / All) GORGEOUSKID: uh green has 15k
(25:11 / All) CUZIDONTGIVAFUK: I have 6k
(25:16 / All) GORGEOUSKID: lol
(25:18 / All) GORGEOUSKID: yellow tked
(25:19 / All) ThugMaSteR: yeah cause u guys suck
(25:21 / All) TheSundanceKid: wtf
(25:24 / All) ThugMaSteR: typical noobs
(25:25 / All) CUZIDONTGIVAFUK: shut up hacker pink
(25:28 / All) ThugMaSteR: no wonde ri lost
(25:37 / All) ThugMaSteR: bad players in this game...
(25:40 / All) CUZIDONTGIVAFUK: you lost cuz your 50 dollar mh isnt updated yet obviously
(25:42 / All) GORGEOUSKID: yellow die
(25:51 / All) CUZIDONTGIVAFUK: dharma you got bad karma, time for u to lose
(26:02 / All) TheSundanceKid: Good
(26:05 / All) TheSundanceKid: he killedm y hero lawl
(26:09 / All) TheSundanceKid: when itw as really hurt and I was laggy
(26:58 / All) GORGEOUSKID: nub yellow
(27:05 / All) GORGEOUSKID: yellow got stuck lmao
(27:06 / All) TheSundanceKid: lol
(27:07 / All) GORGEOUSKID: at my expo
(27:07 / All) TheSundanceKid: LOL!
(27:08 / All) TheSundanceKid: LOL!
(27:09 / All) TheSundanceKid: LOL!
(27:11 / All) CUZIDONTGIVAFUK: Yellow
(27:12 / All) CUZIDONTGIVAFUK: raped
(27:13 / All) CUZIDONTGIVAFUK: noob
(27:15 / All) TheSundanceKid: EVERYOMNE PONT AND LAUGHT AT DHARMAL!L!L!
(27:20 / All) CUZIDONTGIVAFUK: LOL!!!!!
(27:22 / All) CUZIDONTGIVAFUK: HAHAHAHAHAA!
(27:24 / All) CUZIDONTGIVAFUK: RAPED NOOB!
(27:42 / All) CUZIDONTGIVAFUK: This is a good map for massing expos now
(27:49 / All) CUZIDONTGIVAFUK: it's small and they're all close by
(27:57 / All) CUZIDONTGIVAFUK: easy 2 by your base at all times right next to it
(27:59 / All) TheSundanceKid: it's basically twilight ruins
(28:05 / All) CUZIDONTGIVAFUK: long as enemy team isn't nearby and you got the lumber
(28:14 / All) CUZIDONTGIVAFUK: twilight ruins without the charm or goblin labs or market places
(28:18 / All) CUZIDONTGIVAFUK: or personality
(28:21 / All) GORGEOUSKID: i think i like the changes better
(28:24 / All) TheSundanceKid: Well
(28:25 / All) GORGEOUSKID: cuz i never expo on this map anyways
(28:28 / All) TheSundanceKid: It's a snow map
(28:31 / All) TheSundanceKid: so that makes it more epic
(28:43 / All) GORGEOUSKID: we need one snow map at least
(29:01 / All) GORGEOUSKID: having 4 center mines was always fun tho, but mur'gul oasis does that now
(29:01 / All) TheSundanceKid: oh yeah had caster makers
(29:04 / All) TheSundanceKid: didn't make no casters
(29:06 / All) CUZIDONTGIVAFUK: they should implement some custom maps like the snow map similar to friends I played with jake once
(29:08 / All) TheSundanceKid: spirit lodge
(29:08 / All) CUZIDONTGIVAFUK: custom 4v4 map
(29:18 / All) CUZIDONTGIVAFUK: it has marketplaces and shit too
(29:23 / All) CUZIDONTGIVAFUK: and lots of chokes
(29:42 / All) CUZIDONTGIVAFUK: it's like friends but less gay and more balanced
(30:13 / All) GORGEOUSKID: i know 100A% yellow is here
(31:10 / All) TheSundanceKid: CAn we just make a pact to give Dharma the loss always?
(31:11 / All) GORGEOUSKID: its very easy to backdoor expos onthis map
(31:19 / All) TheSundanceKid: Let's always give this fag a loss
(31:20 / All) CUZIDONTGIVAFUK: what's so bad about him
(31:24 / All) TheSundanceKid: He killed me hero
(31:27 / All) TheSundanceKid: Because I wouldn't give gold
(31:29 / All) GORGEOUSKID: he actually killed bobs bm
(31:29 / All) CUZIDONTGIVAFUK: what a cunt
(31:39 / All) CUZIDONTGIVAFUK: dharma lose?
(31:44 / All) TheSundanceKid: My BM only had like 150 HPS
(31:47 / All) TheSundanceKid: or less
(31:51 / All) GORGEOUSKID: i was watching it u had full hp
(31:56 / All) GORGEOUSKID: i woulda healed but had sh at base
(31:57 / All) TheSundanceKid: and me laggy so when it died I was like wtf and thought Jake did it at first
(32:08 / All) TheSundanceKid: It was not full HP
(32:12 / All) TheSundanceKid: unless you healed it
(32:22 / All) TheSundanceKid: I was tanking damage from towers at purp base
(32:26 / All) GORGEOUSKID: yellow lose
(32:30 / All) TheSundanceKid: yes